 Dungeon Crawl Stone Soup version 0.26.0-16-gc1dbca0489 (webtiles) character file.

Game seed: 16814226071972283867

9445 thiole the Covert (level 11, -2/75 HPs)
             Began as an Octopode Hedge Wizard on Jan 21, 2021.
             Was an Initiate of Gozag.
             Splashed by an oklob plant's acid (10 damage)
             ... on level 1 of the Lair of Beasts.
             The game lasted 01:25:08 (17956 turns).

thiole the Covert (Octopode Hedge Wizard)          Turns: 17956, Time: 01:25:08

Health: -2/75      AC: -5    Str:  9    XL:     11   Next: 46%
Magic:  14/24      EV: 13    Int: 22    God:    Gozag
Gold:   850        SH:  7    Dex: 12    Spells: 16/28 levels left

rFire    . . .     SeeInvis .   c - +3 dagger (elec)
rCold    . . .     Faith    .   l - +2 buckler
rNeg     . . .     Spirit   .   v - +2 hat
rPois    +         Reflect  .   b - amulet of Efrat {RegenMP Int+2}
rElec    .         Harm     .   y - +4 ring of protection
rCorr    .         Rampage  .   C - ring of wizardry
Will     .....                  D - ring of poison resistance
Stlth    +++++++++.             o - ring of flight
HPRegen  0.22/turn              t - ring of Shadows {Umbra +Inv Stlth+}
MPRegen  0.44/turn              (no ring)
                                (no ring)
                                (no ring)

@: brilliant, corroded, very slightly contaminated, wreathed by umbra
A: almost no armour, stealthy swim, amphibious, 8 rings, constrict 8, camouflage
1, gelatinous body 1
a: Renounce Religion, Evoke Invisibility, Evoke Flight, Potion Petition, Call
Merchant, Bribe Branch


You were on level 1 of the Lair of Beasts.
You worshipped Gozag.
Gozag was pleased with you.
You visited 3 branches of the dungeon, and saw 14 of its levels.
You also visited: Ossuary.

You collected 3022 gold pieces.
You spent 974 gold pieces at shops.
You paid 1198 gold pieces to Gozag.

Inventory:

Hand Weapons
 c - a +3 dagger of electrocution (weapon)
Armour
 l - a +2 buckler (worn)
 v - a +2 hat (worn)
Jewellery
 b - the amulet of Efrat (around mantle) {RegenMP Int+2}
   (You bought it in a shop on level 9 of the Dungeon)

   [amulet of magic regeneration]

   It increases your magic regeneration.
   It affects your intelligence (+2).
 o - a ring of flight (on tentacle)
 q - an uncursed amulet of reflection
 t - the ring of Shadows (on tentacle) {Umbra +Inv Stlth+}
   (You bought it in a shop on level 9 of the Dungeon)

   [ring of stealth]

   It lets you turn invisible.
   It makes you more stealthy.
 y - a +4 ring of protection (left tentacle)
 z - an uncursed amulet of regeneration
 C - a ring of wizardry (right tentacle)
 D - a ring of poison resistance (on tentacle)
Wands
 A - a wand of iceblast (13)
 E - a wand of digging (3)
 F - a wand of flame (30)
 G - a wand of enslavement (11)
 J - a wand of polymorph (3)
 K - a wand of acid (8)
 M - a wand of disintegration (20)
Scrolls
 a - 2 scrolls of identify
 d - 8 scrolls of remove curse
 i - 3 scrolls of magic mapping
 p - 2 scrolls of amnesia
 r - 3 scrolls of teleportation
 s - a scroll of fog
 w - a scroll of immolation {unknown}
 x - a scroll of torment
Potions
 e - 2 potions of might
 f - a potion of cancellation {unknown}
 g - 2 potions of brilliance
 h - 3 potions of lignification
 j - a potion of invisibility
 k - 3 potions of magic
 m - 2 potions of resistance
 n - a potion of mutation
 u - 4 potions of flight
 I - 2 potions of berserk rage


   Skills:
 - Level 7.2 Fighting
 - Level 2.0 Dodging
 - Level 10.5 Stealth
 - Level 4.0 Shields
 + Level 9.1 Spellcasting
 - Level 5.0 Conjurations
 - Level 6.5 Summonings
 - Level 1.0 Translocations
 * Level 5.6 Air Magic
 + Level 1.5 Evocations


You had 16 spell levels left.
You knew the following spells:

 Your Spells              Type           Power        Failure   Level
a - Magic Dart            Conj           100%         1%          1
b - Call Imp              Summ           55%          1%          2
c - Slow                  Hex            15%          4%          2
d - Airstrike             Air            25%          2%          4
e - Mephitic Cloud        Conj/Pois/Air  38%          1%          3

Your spell library contained the following spells:

 Spells                   Type           Power        Failure   Level
 Apportation              Tloc           42%          1%          1
 Shock                    Conj/Air       100%         1%          1
 Summon Small Mammal      Summ           100%         1%          1
 Swiftness                Air            51%          1%          2
 Static Discharge         Conj/Air       50%          1%          3
 Animate Skeleton         Necr           30%          2%          1
 Corona                   Hex            16%          2%          1
 Blink                    Tloc           N/A          2%          2
 Conjure Flame            Conj/Fire      31%          2%          3
 Lightning Bolt           Conj/Air       25%          9%          5


Dungeon Overview and Level Annotations

Branches:
Dungeon (12/15)            Temple (1/1) D:4            Lair (1/6) D:8
    Orc (0/2) D:10        Ossuary (visited)

Altars:
Ashenzari
Cheibriados
Gozag
Uskayaw
Vehumet
Xom
The Shining One

Shops:
D:7 (   D:9 =:   D:11 *

Annotations:
D:7 Joseph
D:10 Gastronok
Lair:1 exclusion: oklob plant


Innate Abilities, Weirdness & Mutations

You cannot wear most types of armour.
You are very stealthy in the water. (Stealth+)
You are amphibious.
You can wear up to eight rings at the same time.
You can use your tentacles to constrict eight enemies at once.
Your skin changes colour to match your surroundings (Stealth+).
Your rubbery body absorbs attacks. (AC +1, EV +1)


Message History

Aim: an oklob plant (heavily damaged)
You feel a surge of power!
The air twists around and strikes the oklob plant!
The oklob plant is severely damaged.
The oklob plant spits acid at you. The splash of acid hits you!
The acid corrodes you!
You are splashed with acid!
Casting: Airstrike (dangerous; 2% risk of failure)
Confirm with . or Enter, or press ? or * to list all spells.
Aiming: Airstrike (dangerous; 2% risk of failure)
Press: ? - help, Dir - move target, f/p - oklob plant
Aim: an oklob plant (severely damaged)
You feel a surge of power!
The air twists around and strikes the oklob plant.
The oklob plant is almost destroyed.
The oklob plant spits acid at you. The splash of acid hits you!
* * * LOW HITPOINT WARNING * * *
The acid corrodes you!
You are splashed with acid!
You die...
Your body crumbles into a pile of gold.

....####..#.##P.....≈≈≈≈.>.≈≈≈
#........#...........≈≈≈≈..≈≈≈
##................#.≈≈≈≈≈≈≈≈≈≈
##................#.≈≈≈≈≈≈≈≈.
#####.###.#.##.####..≈≈≈≈≈..
####...##### ##...≈≈≈..#
#...##.#####.....[.#..
#......................
?P.......@...[..###....
.P_P..........#.## ...
...P..P.####.####.# . ### ###
##


You could see an oklob plant.

Vanquished Creatures
  A two-headed ogre (D:10)
  An unseen horror (D:10)
  Psyche (D:8)
  A gargoyle (D:11)
  A komodo dragon (Lair:1)
  3 trolls
  A slime creature (D:11)
  A wyvern (D:9)
  A steam dragon (D:9)
  A warg (D:7)
  A water moccasin (Lair:1)
  2 ice beasts (D:8)
  3 sky beasts
  A black bear (D:11)
  6 orc warriors
  A phantom (D:8)
  2 ogres
  3 centaurs
  A big kobold (D:12)
  3 bullfrogs
  2 gnoll sergeants (D:7)
  A water moccasin zombie (D:7)
  A wyvern zombie (D:9)
  3 scorpions
  4 killer bees (D:7)
  22 wights
  8 electric eels (D:11)
  A quasit (D:7)
  2 centaur zombies
  2 bullfrog zombies
  2 centaur skeletons
  6 hounds
  3 jellies
  6 orc priests
  A gnoll shaman (D:7)
  9 orc wizards
  2 bullfrog skeletons
  Jessica (D:3)
  4 iguanas
  11 worker ants
  4 mummies (Ossuary)
  25 gnolls
  9 adders
  2 shadow imps
  4 white imps
  An ufetubus (D:6)
  An adder zombie (D:7)
  2 adder skeletons
  5 worms
  4 dart slugs
  6 leopard geckos
  45 orcs
  2 ball pythons
  7 bats
  6 giant cockroaches
  A gnoll zombie (Ossuary)
  5 goblins
  5 hobgoblins
  23 jackals
  4 quokkas
  4 frilled lizards
  12 kobolds
  A kobold zombie (Ossuary)
  An orc zombie (Ossuary)
  8 rats
313 creatures vanquished.

Vanquished Creatures (collateral kills)
  A warg (D:7)
  An orc warrior (D:8)
  A black bear (D:6)
  An ogre (D:5)
  A gnoll sergeant (D:7)
  A scorpion (D:8)
  2 wights
  A bullfrog zombie (D:6)
  2 hounds
  A jelly (D:5)
  4 orc priests
  4 mummies (Ossuary)
  9 gnolls
  A dart slug (D:4)
  10 orcs
  3 jackals
  A quokka (D:6)
  A frilled lizard (D:5)
  2 hobgoblin zombies (Ossuary)
  3 kobold zombies (Ossuary)
  A leopard gecko skeleton (D:5)
51 creatures vanquished.

Grand Total: 364 creatures vanquished

Notes
Turn   | Place    | Note
-------+----------+-------------------------------------------
     0 | D:1      | thiole the Octopode Hedge Wizard began the quest for the
                  | Orb.
     0 | D:1      | Reached XP level 1. HP: 11/11 MP: 4/4
   186 | D:1      | Reached XP level 2. HP: 17/17 MP: 3/6
   227 | D:1      | Learned a level 2 spell: Call Imp
   230 | D:1      | Learned a level 2 spell: Slow
   369 | D:1      | Reached skill level 3 in Stealth
   576 | D:1      | Reached XP level 3. HP: 16/21 MP: 0/7
  1045 | D:3      | Found a radiant altar of Vehumet.
  1147 | D:3      | Reached XP level 4. HP: 21/27 MP: 9/9
  1219 | D:3      | Learned a level 1 spell: Animate Skeleton
  1223 | D:3      | Learned a level 3 spell: Mephitic Cloud
  1348 | D:3      | Reached skill level 4 in Stealth
  1522 | D:3      | Noticed Jessica
  1524 | D:3      | Killed Jessica
  1538 | D:3      | Found a glowing golden altar of the Shining One.
  1850 | D:2      | Reached XP level 5. HP: 31/31 MP: 8/10
  3131 | D:4      | Found a sand-covered staircase.
  3140 | Ossuary  | Entered an ossuary
  3391 | Ossuary  | Reached skill level 1 in Air Magic
  3487 | Ossuary  | Reached skill level 5 in Stealth
  3586 | Ossuary  | Reached XP level 6. HP: 36/36 MP: 2/12
  3998 | D:4      | Found a staircase to the Ecumenical Temple.
  4002 | D:4      | Noticed a sky beast
  4080 | Temple   | Entered the Ecumenical Temple
  4086 | Temple   | Became a worshipper of Gozag Ym Sagoz the Greedy
  5155 | D:4      | Killed a sky beast
  5156 | D:4      | Reached XP level 7. HP: 31/41 MP: 6/13
  5311 | D:5      | Entered Level 5 of the Dungeon
  5971 | D:5      | Reached skill level 6 in Stealth
  7313 | D:6      | Reached skill level 1 in Fighting
  7573 | D:6      | Reached XP level 8. HP: 26/46 MP: 6/15
  8094 | D:6      | Reached skill level 5 in Spellcasting
  8744 | D:7      | Reached skill level 7 in Stealth
  8797 | D:7      | Reached skill level 5 in Air Magic
  8993 | D:7      | Reached XP level 9. HP: 54/58 MP: 6/17
  9089 | D:7      | Reached skill level 5 in Summonings
  9366 | D:7      | Reached skill level 5 in Fighting
  9366 | D:7      | Reached skill level 8 in Stealth
 10423 | D:8      | Found a staircase to the Lair.
 10956 | D:7      | Noticed Joseph
 10973 | D:7      | Found Uxefoopt's Antique Weapon Emporium.
 11417 | D:8      | Reached skill level 9 in Stealth
 11811 | D:8      | Found a broken altar of Ashenzari.
 11883 | D:8      | Learned a level 4 spell: Airstrike
 11887 | D:8      | Reached XP level 10. HP: 69/69 MP: 10/19
 11918 | D:8      | Noticed Psyche
 12301 | D:8      | Killed Psyche
 13232 | D:9      | Reached skill level 10 in Stealth
 13397 | D:9      | Found an opulent altar of Gozag.
 13422 | D:9      | Found an ornate altar of the Wu Jian Council.
 13422 | D:9      | Found a shimmering altar of Xom.
 13425 | D:9      | Found a sparkling altar of Nemelex Xobeh.
 13425 | D:9      | Found a shimmering blue altar of Sif Muna.
 13425 | D:9      | Found a shimmering blue altar of Sif Muna.
 13797 | D:9      | Found a shimmering altar of Xom.
 14314 | D:10     | Entered Level 10 of the Dungeon
 14682 | D:9      | Bought the ring of Shadows {Umbra +Inv Stlth+} for 480 gold
                  | pieces
 14682 | D:9      | Found the ring of Shadows {Umbra +Inv Stlth+}
 14731 | D:10     | Found a staircase to the Orcish Mines.
 14807 | D:10     | Reached skill level 1 in Shields
 15026 | D:10     | Killed an unseen horror
 15226 | D:10     | Noticed a two-headed ogre
 15234 | D:10     | Killed a two-headed ogre
 15235 | D:10     | Reached skill level 5 in Conjurations
 15235 | D:10     | Reached XP level 11. HP: 75/75 MP: 2/22
 15681 | D:9      | Bought the amulet of Efrat {RegenMP Int+2} for 494 gold
                  | pieces
 16404 | D:11     | Found Fatybava's Demolitions Depot.
 16775 | D:12     | Noticed a boulder beetle
 17260 | D:11     | Reached skill level 1 in Evocations
 17594 | D:10     | Noticed Gastronok
 17806 | Lair:1   | Entered Level 1 of the Lair of Beasts
 17915 | Lair:1   | Noticed a seven-headed hydra
 17921 | Lair:1   | Found an opulent altar of Gozag.
 17921 | Lair:1   | Noticed an oklob plant
 17956 | Lair:1   | Splashed by an oklob plant's acid

Illustrated notes

Levels and vault maps discovered:
D:1:      wander_arrival_lonely_grave, layout_basic
D:2:      layout_loops_ring
D:3:      layout_basic, vehumet_crystals, nrook_mini_vaults, tso_metal_star,
          uniq_jessica
D:4:      layout_loops_ring, minmay_temple_entry_mini_moons,
          nicolae_ossuary_entry_monument, roderic_lattice_a
D:5:      layout_loops_ring, serial_co_window_serial, co_window_paths_a,
          co_window_of_opportunity_a, co_window_of_opportunity_a,
          co_window_paths_a, co_window_corner_a, co_window_cross_3,
          co_window_unsneaky_path_c, co_window_corner_b,
          co_window_of_opportunity_b, co_window_paths_c, co_window_sun,
          glass_columns_c, glass_columns_b, glass_columns_b, minmay_holes,
          saegor_snake_ambush
D:6:      layout_rooms, chequers_avenue, minmay_misc_feat_nine_boxes
D:7:      minmay_chambers_of_sixes, layout_cave_pools, serial_gnoll_camp,
          gnoll_camp_huts_moat, gnoll_camp_mini_sergeant,
          gnoll_camp_mini_loothouse, gnoll_camp_mini_shop, uniq_joseph
D:8:      layout_rooms, kennysheep_mini_moat, erik_lair_orcish_takeover,
          uniq_psyche
D:9:      layout_basic, basic_altar, doesnt_xom_only_xom
D:10:     layout_gridville, david_orc_2, uniq_gastronok
D:11:     layout_basic, nicolae_blasting_shop
D:12:     layout_big_octagon, enter_trove_3, uniq_kirke
Temple:   regret_index_temple_chain_breaker
Lair:1:   minmay_lair_oklob_tunnel, layout_concentric_octagons, special_room
          [special_room_bee], lemuel_oklob_altar, infiniplex_staircase_pool_2,
          uniq_sonja

Skill      XL: |  1  2  3  4  5  6  7  8  9 10 11 |
---------------+----------------------------------+-----
Stealth        | 3 4 5 6 7 9 10 | 10.5
Conjurations   | 2 5 |  5.0
Summonings     | 2 3 4 6 |  6.5
Spellcasting   | 4 5 6 7 9 |  9.1
Air Magic      | 1 2 4 5 |  5.6
Fighting       | 1 4 6 7 |  7.2
Shields        | 4 |  4.0
Evocations     | 1 |  1.5
Dodging        | |  2.0
Translocations | |  1.0

Action                   |  1- 3 |  4- 6 |  7- 9 | 10-12 || total
-------------------------+-------+-------+-------+-------++-------
Melee: Dagger            |    41 |   108 |   261 |   132 ||   542
       Constrict         |     7 |    24 |    47 |    26 ||   104
       Tentacles         |     3 |    14 |    40 |    18 ||    75
 Cast: Magic Dart        |    61 |   104 |   238 |    59 ||   462
       Animate Skeleton  |       |    10 |       |       ||    10
       Call Imp          |       |    33 |   128 |    13 ||   174
       Slow              |       |     5 |     5 |       ||    10
       Mephitic Cloud    |       |       |    20 |     9 ||    29
       Airstrike         |       |       |     2 |   127 ||   129
Invok: Call Merchant     |       |       |       |     2 ||     2
Evoke: Wand              |       |       |       |     7 ||     7
  Use: Scroll            |       |    10 |     9 |    12 ||    31
       Potion            |       |       |     8 |     4 ||    12
 Stab: Sleeping          |       |     2 |     1 |    14 ||    17
       Distracted        |       |       |     1 |       ||     1
       Confused          |       |       |       |     3 ||     3
Armor: Skin              |     7 |     9 |    87 |    25 ||   128
Dodge: Dodged            |    41 |    43 |   243 |    80 ||   407
Block: Other             |       |     6 |    11 |       ||    17
       Buckler           |       |       |       |    21 ||    21
